 Dungeon Crawl Stone Soup version 0.31-a0-182-gc5ef74bbde (webtiles) character file.

Game seed: 14070164334184101632

2936 runemasterragnar the Slasher (level 9, -2/58 (62) HPs)
             Began as an Octopode Fighter on June 22, 2023.
             Was a Believer of Cheibriados.
             Slain by a wight
             ... wielding a +4 halberd
              (17 damage)
             ... on level 7 of the Dungeon.
             The game lasted 00:10:03 (6305 turns).

runemasterragnar the Slasher (Octopode Fighter)     Turns: 6305, Time: 00:10:03

HP:   -2/58 (62)    AC:  1    Str: 20    XL:     9   Next: 80%
MP:   10/12         EV: 15    Int: 20    God:    Cheibriados [**....]
Gold: 320           SH:  6    Dex: 16    Spells: 6/12 levels left

rFire   . . .        a - +0 long sword
rCold   . . .        b - +0 buckler
rNeg    . . .        (helmet currently unavailable)
rPois   .            j - amulet of regeneration
rElec   .            (no ring)
rCorr   .            (no ring)
SInv    .            (no ring)
Will    .....        (no ring)
Stlth   ++++         (no ring)
HPRegen 1.09/turn    (no ring)
MPRegen 0.13/turn    (no ring)
                     (no ring)

%: no passive effects
@: appendages (expiring), wereblooded, drained, very slow
A: tentacle spike 3, almost no armour, amphibious, 8 rings, camouflage 1,
gelatinous body 1, (nimble swimmer 1), tentacles
a: End Transformation, Renounce Religion, Bend Time


You were on level 7 of the Dungeon.
You worshipped Cheibriados.
Cheibriados was pleased with you.
One of your tentacles had grown a beastly spike.
You visited 1 branch of the dungeon, and saw 7 of its levels.
You also visited: Sewer.

You collected 320 gold pieces.

Inventory:

Hand Weapons
 a - a +0 long sword (weapon)
 t - a +1 short sword of protection
Missiles
 i - 28 poisoned darts
 w - 4 javelins
 y - 2 atropa-tipped darts
 z - 2 boomerangs
Armour
 b - a +0 buckler (worn)
Magical Staves
 o - a staff of conjuration
Jewellery
 j - an amulet of regeneration (around mantle)
 C - a ring of protection from fire
Wands
 s - a wand of flame (8)
Scrolls
 d - a scroll of poison {unknown}
 f - a scroll of immolation
 g - 7 scrolls of teleportation
 l - 2 scrolls of blinking {unknown}
 m - 5 scrolls of identify
 q - a scroll of vulnerability {unknown}
 u - a scroll of amnesia {unknown}
 v - a scroll of brand weapon {unknown}
 B - a scroll of torment {unknown}
 D - a scroll of revelation
 E - a scroll of enchant armour {unknown}
 G - a scroll of noise {unknown}
 H - a scroll of fear {unknown}
 I - a scroll of enchant weapon {unknown}
Potions
 c - 2 potions of might
 e - 2 potions of resistance
 h - 3 potions of attraction
 k - a potion of berserk rage
 n - 3 potions of mutation
 p - 2 potions of heal wounds
 r - 4 potions of curing
 x - a potion of haste {unknown}
 A - 2 potions of enlightenment
 F - a potion of ambrosia {unknown}


   Skills:
 + Level 5.8 Fighting
 - Level 5.9 Long Blades
 + Level 5.8 Dodging
 + Level 4.1 Stealth
 + Level 5.8 Shields
 + Level 4.6 Unarmed Combat
 + Level 2.3 Spellcasting
 * Level 4.1 Transmutations
 - Level 2.3 Invocations


You had 6 spell levels left.
You knew the following spells:

 Your Spells              Type           Power      Damage    Failure   Level
a - Beastly Appendage     Tmut           36%        N/A       3%          1
b - Wereblood             Tmut           18%        N/A       4%          2
c - Spider Form           Tmut/Pois      10%        N/A       24%         3

Your spell library contained the following spells:

 Spells                   Type           Power      Damage    Failure   Level


Dungeon Overview and Level Annotations

Branches:
Dungeon (7/15)             Temple (0/1) D:6           Sewer (visited)

Altars:
Ashenzari
Cheibriados
Dithmenos
Elyvilon
Kikubaaqudgha
Qazlal
Wu Jian
The Shining One

Shops:
D:1 (

Annotations:
D:4 1 runed translucent door, Crazy Yiuf


Innate Abilities, Weirdness & Mutations

One of your tentacles has grown a beastly spike.
You cannot wear most types of armour.
You are amphibious.
You can wear up to eight rings at the same time.
Your skin changes colour to match your surroundings (Stealth+).
Your rubbery body absorbs attacks. (AC +1, EV +1)
((You are camouflaged when in or above water. (Stealth+)))
You have tentacles for arms and can constrict up to eight enemies at once.


Message History

You destroy the wight!
Cheibriados appreciates the change of pace.
Your Stealth skill increases to level 4!
Your Transmutations skill increases to level 4!
Casting: Beastly Appendage (safe; 3% risk of failure)
Confirm with . or Enter, or press ? or * to list all spells.
Your blood is infused with primal strength.
The wight closely misses you.
You slash the wight! Your grab misses the wight.
You pierce the wight.
You squeeze the wight, but do no damage.
The wight is severely damaged.
The wight hits you with a +4 scimitar!
You hit the wight but do no damage. You grab the wight.
You squeeze the wight, but do no damage.
The wight is severely damaged.
You constrict the wight. You block the wight's attack.
You hit the wight but do no damage.
The wight is almost destroyed.
Your transformation is almost over.
You constrict the wight. The wight completely misses you.
You block the wight's attack.
You slash the wight!
You feel a bit better.
You destroy the wight!
Cheibriados appreciates the change of pace.
You closely miss the wight. You grab the wight.
You pierce the wight.
The wight is lightly damaged.
You constrict the wight.
The wight hits you with a +3 short sword!
You hit the wight but do no damage.
You pierce the wight.
You squeeze the wight.
The wight is heavily damaged.
You constrict the wight. You block the wight's attack. x2
You hit the wight.
You feel a bit better.
You destroy the wight!
Cheibriados thoroughly appreciates the change of pace.
The wight hits you from afar with a +4 halberd!
You feel drained.
* * * LOW HITPOINT WARNING * * *
The wight hits you with a +4 halberd!
You die...

#.....#........#.#
#.###..........#.#
#.# ##.........#.#
#.# ##...######..
#.# ###...######
#.# ###....... #.#
######## #.# ####
#@# #... #######z#
#.## #.......#
..... #.........#
......
#.......#....#
......
#.......####.#
...... #.......# .
###... #......(##
###. #....#### ..


You could see a wight.

Vanquished Creatures
  Pikel (D:5)
  A steam dragon (D:6)
  2 water moccasins
  2 ice beasts (D:5)
  3 ogres
  2 centaurs (D:6)
  2 phantoms
  4 kobold brigands
  2 scorpions
  Blork the orc (D:6)
  4 wights (D:7)
  An electric eel (D:6)
  4 hounds
  A jelly (D:5)
  4 orc priests
  Terence (D:2)
  2 iguanas
  An orc wizard (D:4)
  Natasha (thrice) (D:2)
  A mummy (D:4)
  4 gnolls (D:6)
  11 adders
  A white imp (D:6)
  An ufetubus (D:6)
  2 worms
  A dart slug (D:2)
  11 orcs
  7 ball pythons
  4 bats
  15 endoplasms
  8 giant cockroaches
  2 goblins
  3 hobgoblins
  7 jackals (D:4)
  6 quokkas
  A frilled lizard (D:3)
  22 kobolds
  8 rats
156 creatures vanquished.

Notes
Turn   | Place    | Note
-------+----------+-------------------------------------------
     0 | D:1      | runemasterragnar the Octopode Fighter began the quest for
                  | the Orb.
     0 | D:1      | Reached XP level 1. HP: 16/16 MP: 1/1
   109 | D:1      | Found Mauvvis's Weapon Boutique.
   183 | D:1      | Reached XP level 2. HP: 21/21 MP: 2/2
   771 | D:2      | Reached XP level 3. HP: 23/26 MP: 3/3
   846 | D:2      | Noticed Natasha
   852 | D:2      | Killed Natasha
   853 | D:2      | Reached skill level 1 in Unarmed Combat
  1234 | D:2      | Reached XP level 4. HP: 31/31 MP: 4/4
  1374 | D:2      | Noticed Natasha
  1379 | D:2      | Killed Natasha
  1391 | D:2      | Noticed Terence
  1402 | D:2      | Killed Terence
  1579 | D:2      | Noticed Natasha
  1589 | D:2      | Killed Natasha
  1590 | D:2      | Reached XP level 5. HP: 29/36 MP: 5/5
  1733 | D:3      | Found an ancient bone altar of Kikubaaqudgha.
  1805 | D:3      | Found a broken altar of Ashenzari.
  2777 | D:4      | Reached XP level 6. HP: 26/43 MP: 6/6
  2867 | D:4      | Found a shadowy altar of Dithmenos.
  2907 | D:4      | Found a snail-covered altar of Cheibriados.
  3458 | D:4      | Became a worshipper of Cheibriados the Contemplative
  3529 | D:4      | Reached XP level 7. HP: 48/48 MP: 7/7
  3612 | D:4      | Found a white marble altar of Elyvilon.
  3743 | D:4      | Found a runed translucent door.
  3744 | D:4      | Noticed Crazy Yiuf
  4114 | D:5      | Entered Level 5 of the Dungeon
  4328 | D:5      | Noticed Pikel
  4338 | D:5      | Killed Pikel
  4339 | D:5      | Reached skill level 5 in Long Blades
  4339 | D:5      | Reached XP level 8. HP: 32/54 MP: 7/9
  4416 | D:5      | Reached skill level 5 in Shields
  4612 | D:5      | Learned a level 1 spell: Beastly Appendage
  4615 | D:5      | Learned a level 2 spell: Wereblood
  4619 | D:5      | Learned a level 3 spell: Spider Form
  4649 | D:5      | Reached skill level 5 in Fighting
  4649 | D:5      | Reached skill level 5 in Dodging
  4734 | D:5      | Found an ornate altar of the Wu Jian Council.
  4752 | D:5      | Reached skill level 1 in Stealth
  4752 | D:5      | Reached skill level 1 in Transmutations
  4753 | D:5      | Reached * piety under Cheibriados
  4882 | D:5      | Reached skill level 1 in Spellcasting
  4967 | D:5      | Found a glowing golden altar of the Shining One.
  5133 | D:6      | Noticed Blork the orc
  5141 | D:6      | Killed Blork the orc
  5162 | D:6      | Reached XP level 9. HP: 15/61 MP: 6/10
  5277 | D:6      | Found a stormy altar of Qazlal.
  5355 | D:6      | Found a glowing drain.
  5372 | Sewer    | Entered a sewer
  5456 | Sewer    | Reached ** piety under Cheibriados
  6012 | D:6      | Found a staircase to the Ecumenical Temple.
  6305 | D:7      | Slain by a wight

Illustrated notes

Levels and vault maps discovered:
D:1:      eino_arrival_water_star, layout_rooms, serial_shops, shop_fountains,
          nicolae_concentric_dashed_squares_wild
D:2:      layout_basic, minmay_misc_feat_tower, minmay_small_reverse_x,
          uniq_terence, uniq_natasha
D:3:      minmay_razor_zed, layout_loops_ring, mainiacjoe_overflow_boulevard,
          evilmike_ruin_ashenzari, chequers_avenue
D:4:      layout_basic, mainiacjoe_overflow_24_doors, slow_altar_2,
          general_overflow_altar, minmay_unequal, uniq_crazy_yiuf_cottage
D:5:      layout_loops_ring, mainiacjoe_overflow_paths,
          nicolae_overflow_hidden_temple, uniq_pikel
D:6:      layout_gridville, mainiacjoe_overflow_tiny_flanked,
          minmay_temple_entry_proselytizer, portal_sewer_entry_f,
          kennysheep_path_1, uniq_blork_the_orc
D:7:      layout_basic

Skill      XL: |  1  2  3  4  5  6  7  8  9 |
---------------+----------------------------+-----
Unarmed Combat | 1 2 3 4 |  4.6
Long Blades    | 3 4 5 |  5.9
Fighting       | 4 5 |  5.8
Dodging        | 4 5 |  5.8
Shields        | 4 5 |  5.8
Invocations    | 2 |  2.3
Stealth        | 2 4 |  4.1
Transmutations | 2 4 |  4.1
Spellcasting   | 1 2 |  2.3

Action                     |  1- 3 |  4- 6 |  7- 9 || total
---------------------------+-------+-------+-------++-------
  Melee: Long sword        |    31 |   128 |   180 ||   339
         Tentacles         |     5 |    25 |    54 ||    84
         Constrict         |     8 |    26 |    48 ||    82
         Punch             |     2 |     5 |    10 ||    17
         Short sword       |       |       |    16 ||    16
         Kick              |       |       |    21 ||    21
         Unarmed           |       |       |     7 ||     7
   Cast: Beastly Appendage |       |       |    11 ||    11
         Wereblood         |       |       |     4 ||     4
 Invoke: Bend Time         |       |       |     3 ||     3
  Evoke: Wand              |       |       |    14 ||    14
    Use: Scroll            |       |       |     7 ||     7
         Potion            |       |       |     6 ||     6
   Stab: Sleeping          |     9 |    12 |    13 ||    34
 Armour: Skin              |       |     9 |    39 ||    48
  Dodge: Dodged            |    14 |    87 |   117 ||   218
  Block: Buckler           |     4 |    33 |    49 ||    86

Table legend: (Time is in decaauts)
 A = Elapsed time spent in this place.
 B = Non-inter-level travel time spent in this place.
 C = Inter-level travel time spent in this place.
 D = Time resting spent in this place.
 E = Time spent auto-exploring this place.
 F = Levels seen in this place.
 G = Mean time per level.
                   A        B        C        D        E       F      G
               +--------+--------+--------+--------+--------+-----+--------+
         Total |   7224 |   6803 |    421 |    120 |   5198 |   8 |  903.0 |
       Dungeon |   6841 |   6420 |    421 |    120 |   5013 |   7 |  977.3 |
         Sewer |    383 |    383 |      0 |      0 |    184 |   1 |  383.0 |
               +--------+--------+--------+--------+--------+-----+--------+

Top non-repeatable levels by time:
     D:4: 1582 daAuts
     D:5: 1271 daAuts
     D:2: 1209 daAuts
     D:3: 985 daAuts
     D:6: 928 daAuts
     D:1: 540 daAuts
   Sewer: 383 daAuts
     D:7: 324 daAuts
